 Dungeon Crawl Stone Soup version 0.29.1-2-gbd0b4ee654 (webtiles) character file.

Game seed: 10783091499688997322

6164 Avanven the Thaumaturge (level 11, -6/77 HPs)
             Began as a Djinni Earth Elementalist on Nov 17, 2022.
             Was a Believer of Ashenzari.
             Mangled by a wraith (12 damage)
             ... on level 11 of the Dungeon.
             The game lasted 00:32:45 (13536 turns).

Avanven the Thaumaturge (DjEE)                     Turns: 13536, Time: 00:32:46

Health: -6/77      AC:  6    Str: 13    XL:     11   Next: 13%
Gold:   744        EV: 13    Int: 22    God:    Ashenzari [**....] SH:  0 Dex: 13

rFire   + + .      SeeInvis +   g - +4 dagger (venom)
rCold   x . .      Faith    .   (no shield)
rNeg    . . .      Spirit   .   a - +1 robe "Ruined Loss" {Range, Evo} (curse)
rPois   ∞          Reflect  .   p - +0 helmet of Ashenzari's Jealousy {Melee, Cun} (curse)
rElec   .          Harm     .   o - +2 cloak "Visionary Oblivion" {Self, Melee} (curse)
rCorr   .          Rampage  .   (no gloves)
Will    +....                   (boots unavailable)
Stlth   ++........              (no amulet)
HPRegen 0.22/turn               m - ring of wizardry
MPRegen 0.00/turn               c - +6 ring of strength

@: flying
A: sickness immunity, fire resistance 2, cold vulnerability 1, float, innate
caster, HP casting, extra vitality 1, claws 1, deformed body, frail 1
a: Renounce Religion, Shatter the Chains


You were on level 11 of the Dungeon.
You worshipped Ashenzari.
Ashenzari was pleased with you.
You visited 2 branches of the dungeon, and saw 12 of its levels.
You also visited: Ossuary and Bailey.

You collected 744 gold pieces.

Inventory:

Hand Weapons
 g - a +4 dagger of venom (weapon)
Armour
 a - the cursed +1 robe "Ruined Loss" (worn) {Range, Evo}

   It has a curse which improves the following skills: Ranged Combat: Ranged
   Weapons and Throwing.
   Evocations: Evocations.
 o - the cursed +2 cloak "Visionary Oblivion" (worn) {Self, Melee}
   (You found it on level 4 of the Dungeon)

   It has a curse which improves the following skills: Introspection: Fighting
   and Spellcasting.
   Melee Combat: Short Blades, Long Blades, Axes, Maces & Flails, Polearms,
   Staves and Unarmed Combat.
 p - the cursed +0 helmet of Ashenzari's Jealousy (worn) {Melee, Cun}
   (You found it on level 4 of the Dungeon)

   It has a curse which improves the following skills: Melee Combat: Short
   Blades, Long Blades, Axes, Maces & Flails, Polearms, Staves and Unarmed
   Combat.
   Cunning:   Dodging and Stealth.
Jewellery
 c - a +6 ring of strength (right claw)
 h - a ring of wizardry
 m - a ring of wizardry (left claw)
Wands
 b - a wand of charming (5)
 f - a wand of flame (21)
Scrolls
 j - 2 scrolls of teleportation
 l - a scroll of enchant weapon
 n - 5 scrolls of enchant armour
 r - 4 scrolls of butterflies
 s - 2 scrolls of fear
 x - 2 scrolls of poison
Potions
 d - 3 potions of brilliance
 e - 5 potions of curing
 i - 2 potions of ambrosia
 q - a potion of flight
 t - 3 potions of lignification
 v - 4 potions of might
 z - a potion of attraction
 A - a potion of haste


   Skills:
 + Level 9.3(10.5) Fighting
 - Level 2.1(3.1) Dodging
 - Level 1.5(2.4) Stealth
 * Level 10.5(11.7) Spellcasting


You had 11 spell levels left.
You knew the following spells:

 Your Spells              Type           Power      Damage    Failure   Level
a - Sandblast             Erth           100%       2d20      1%          1
b - Passwall              Tmut/Erth      49%        N/A       1%          2
c - Stone Arrow           Conj/Erth      100%       3d13      1%          3
d - Petrify               Tmut/Erth      59%        N/A       1%          4
e - Foxfire               Conj/Fire      100%       2x1d9     1%          1
f - Searing Ray           Conj           100%       2d8       1%          2
g - Call Imp              Summ           59%        N/A       1%          2
h - Teleport Other        Tloc           59%        N/A       1%          3
i - Sticky Flame          Conj/Fire      59%        2d7       1%          4
Your spell library was empty.

Dungeon Overview and Level Annotations

Branches:
Dungeon (11/15)            Temple (1/1) D:6            Lair (0/5) D:10
Ossuary (visited)          Bailey (visited)
    Orc: D:9-12

Altars:
Ashenzari
Cheibriados
Dithmenos
Elyvilon
Fedhas
Gozag
Hepliaklqana
Makhleb
Nemelex Xobeh
Okawaru
Qazlal
Ru
Trog
Uskayaw
Wu Jian
Xom
Yredelemnul
Zin
The Shining One

Shops:
D:5 !


Innate Abilities, Weirdness & Mutations

You are immune to sickness and miasma.
You are immune to poison.
Your flesh is very heat resistant. (rF++)
You are vulnerable to cold. (rC-)
You float through the air rather than walking.
You learn spells naturally, not from books.
Your magical power is your life essence.
You have superior vitality. (+4 MHP)
You have sharp fingernails.
Armour fits poorly on your strangely shaped body.
You are frail. (-10% HP)


Message History

You are too injured to fight recklessly!
Casting: Sandblast (safe; 1% risk of failure)
Confirm with . or Enter, or press ? or * to list all spells.
Aiming: Petrify (safe; 1% risk of failure)
Press: ? - help, Shift-Dir - straight line, f/p - warg
Aim: a warg (almost dead, chance to affect: 59%)
The warg resists with significant effort.
The warg bites you.
The warg pauses to sniff the ground.
The orc priest looks satisfied for a moment.
Casting: Petrify (safe; 1% risk of failure)
Confirm with . or Enter, or press ? or * to list all spells.
Aiming: Petrify (safe; 1% risk of failure)
Press: ? - help, Shift-Dir - straight line, f/p - warg
Aim: a warg (almost dead, chance to affect: 59%)
The warg is moving more slowly.
The warg bites you.
* * * LOW HITPOINT WARNING * * *
The warg misses you.
The orc priest grunts loudly.
The orc priest mumbles some strange prayers to Beogh against you.
Beogh smites you!
* * * LOW HITPOINT WARNING * * *
The warg stops moving altogether!
There is a stone staircase leading down here.
You fly downwards.
There is a stone staircase leading up here.
Found a stone staircase leading down.
You start resting.
You sense a monster nearby.
You start resting.
A wraith is nearby!
Casting: Petrify (safe; 1% risk of failure)
Confirm with . or Enter, or press ? or * to list all spells.
Aiming: Teleport Other (safe; 1% risk of failure)
Press: ? - help, Shift-Dir - straight line, f - wraith
Aim: a wraith (chance to affect: 52%)
The wraith resists with significant effort.
* * * LOW HITPOINT WARNING * * *
The wraith hits you!
You die...

#.#. .. #* ,
####.#.####.#.###
................
#....#..##.##.###
................
, ,
,.....W.<....#.#
* ..............#
** *
#.####...#..###
,* #...#@.# ,
#...W>.# *, *
#......# , ,*
,.....###.#
####.# .# * #. *
.# , , .# * * ##


You could see a wraith.

Vanquished Creatures
  A two-headed ogre (D:7)
  Prince Ribbit (D:9)
  A yak (D:9)
  2 vampire mosquitoes (D:10)
  2 water moccasins
  10 orc warriors
  3 black bears
  2 sky beasts
  3 ogres
  13 centaurs
  3 bullfrogs
  3 necrophages
  3 scorpions
  4 killer bees (D:9)
  A howler monkey (D:8)
  2 centaur zombies (Ossuary)
  A human zombie (Ossuary)
  7 hounds
  3 jellies
  3 orc priests
  7 iguanas
  3 orc wizards
  4 mummies (Ossuary)
  19 gnolls
  9 adders
  A shadow imp (D:5)
  4 white imps
  An ufetubus (D:5)
  2 worms
  5 dart slugs
  48 orcs
  8 endoplasms
  7 giant cockroaches
  7 hobgoblins
  4 jackals
  7 quokkas
  4 ball pythons
  3 bats
  2 frilled lizards (D:2)
  10 goblins
  2 hobgoblin zombies (Ossuary)
  8 kobolds
  3 orc zombies (Ossuary)
  3 rats (D:2)
239 creatures vanquished.

Vanquished Creatures (collateral kills)
  A centaur (Bailey)
  An iguana (D:4)
  3 foxfires (D:3)
5 creatures vanquished.

Vanquished Creatures (others)
  291 foxfires
291 creatures vanquished.

Grand Total: 535 creatures vanquished

Notes
Turn   | Place    | Note
-------+----------+-------------------------------------------
     0 | D:1      | Avanven the Djinni Earth Elementalist began the quest for
                  | the Orb.
     0 | D:1      | Avanven set off with the following spells memorised:
                  | Sandblast, Passwall, Stone Arrow, Petrify.
     0 | D:1      | Reached XP level 1. HP: 15/15 MP: 0/0
   189 | D:1      | Reached XP level 2. HP: 20/22 MP: 0/0
   693 | D:1      | Reached skill level 1 in Fighting
   994 | D:1      | Reached skill level 3 in Spellcasting
   994 | D:1      | Reached XP level 3. HP: 13/27 MP: 0/0
   994 | D:1      | Learned a level 1 spell: Foxfire
  1581 | D:2      | Reached XP level 4. HP: 27/33 MP: 0/0
  1690 | D:2      | Found a faded altar of an unknown god.
  1982 | D:2      | Reached XP level 5. HP: 36/38 MP: 0/0
  1982 | D:2      | Learned a level 2 spell: Searing Ray
  2813 | D:3      | Found a shadowy altar of Dithmenos.
  2890 | D:3      | Reached skill level 4 in Spellcasting
  3041 | D:3      | Reached XP level 6. HP: 29/45 MP: 0/0
  3169 | D:3      | Found an ornate altar of the Wu Jian Council.
  3170 | D:3      | Found a glowing golden altar of the Shining One.
  3171 | D:3      | Found a basalt altar of Yredelemnul.
  3410 | D:3      | Found a sparkling altar of Nemelex Xobeh.
  3411 | D:3      | Found a blossoming altar of Fedhas.
  4386 | D:4      | Reached XP level 7. HP: 46/50 MP: 0/0
  4386 | D:4      | Learned a level 2 spell: Call Imp
  4471 | D:4      | Reached skill level 5 in Spellcasting
  5459 | D:5      | Entered Level 5 of the Dungeon
  5681 | D:5      | Reached XP level 8. HP: 54/58 MP: 0/0
  5787 | D:5      | Reached skill level 6 in Spellcasting
  6047 | D:5      | Reached skill level 5 in Fighting
  6422 | D:5      | Found Laaliabi's Distillery.
  7206 | D:5      | Reached skill level 7 in Spellcasting
  7206 | D:5      | Reached XP level 9. HP: 64/66 MP: 0/0
  7206 | D:5      | Learned a level 3 spell: Teleport Other
  7802 | D:6      | Found a sand-covered staircase.
  7807 | Ossuary  | Entered an ossuary
  8159 | D:6      | Found a staircase to the Ecumenical Temple.
  8168 | Temple   | Entered the Ecumenical Temple
  8267 | Temple   | Became a worshipper of Ashenzari the Shackled
  8615 | D:6      | Identified the +6 arbalest of Yfik {vorpal, rN+}
  9292 | D:7      | Reached skill level 8 in Spellcasting
  9491 | D:7      | Noticed a two-headed ogre
  9514 | D:7      | Killed a two-headed ogre
  9515 | D:7      | Reached XP level 10. HP: 25/75 MP: 0/0
 10310 | D:8      | Found a flagged portal.
 10367 | Bailey   | Entered a bailey
 10467 | Bailey   | Reached skill level 9 in Spellcasting
 12146 | Bailey   | Reached * piety under Ashenzari
 12148 | Bailey   | Gained mutation: Your spells are a little harder to cast,
                  | but a little more powerful. [potion of mutation]
 12148 | Bailey   | Gained mutation: You are weak. (Str -2) [potion of
                  | mutation]
 12148 | Bailey   | Gained mutation: Your mind is acute. (Int +4, Str/Dex -1)
                  | [potion of mutation]
 12149 | Bailey   | Lost mutation: Your spells are a little harder to cast, but
                  | a little more powerful. [potion of mutation]
 12149 | Bailey   | Lost mutation: You are weak. (Str -2) [potion of mutation]
 12149 | Bailey   | Lost mutation: Your mind is acute. (Int +4, Str/Dex -1)
                  | [potion of mutation]
 12149 | Bailey   | Gained mutation: Armour fits poorly on your strangely
                  | shaped body. [potion of mutation]
 12149 | Bailey   | Gained mutation: You are frail. (-10% HP) [potion of
                  | mutation]
 12149 | Bailey   | Gained mutation: You have sharp fingernails. [potion of
                  | mutation]
 12250 | D:8      | Reached skill level 10 in Spellcasting
 12494 | D:8      | Reached ** piety under Ashenzari
 12691 | D:9      | Noticed Prince Ribbit
 12694 | D:9      | Killed Prince Ribbit
 12829 | D:9      | Reached XP level 11. HP: 75/76 MP: 0/0
 12829 | D:9      | Learned a level 4 spell: Sticky Flame
 13137 | D:10     | Entered Level 10 of the Dungeon
 13510 | D:10     | Found a staircase to the Lair.
 13536 | D:11     | Mangled by a wraith

Illustrated notes

Levels and vault maps discovered:
D:1:      lightli_molten_gateway, layout_loops_ring
D:2:      layout_basic, ebering_ecumenical_altar_sacrificial,
          grunt_decor_arrowhead
D:3:      layout_loops_ring, chequers_temple_overflow_statue_of_worship,
          grunt_temple_overflow_open, serial_bayou_pond_a, grunt_ministairs_14
D:4:      layout_basic, cheibrodos_gnoll_hut
D:5:      layout_basic, serial_shops, nicolae_shop_trees, minmay_starry_boxes
D:6:      layout_loops_cross, minmay_temple_entry_enclosed_plants,
          nicolae_ossuary_entry_plus
D:7:      layout_basic, minmay_misc_feat_roman, nrook_loot_triangle,
          minivault_10
D:8:      layout_rooms, enter_bailey_3
D:9:      layout_basic, orc_0_dummy, uniq_prince_ribbit1, uniq_psyche
D:10:     layout_loops_ring, erik_lair_orcish_takeover, uniq_sonja
D:11:     layout_basic
Temple:   bh_familiar_temple

Skill      XL: |  1  2  3  4  5  6  7  8  9 10 |
---------------+-------------------------------+-----
Fighting       | 1 2 3 4 5 7 9 |  9.3
Spellcasting   | 3 4 5 7 8 10 | 10.5
Dodging        | |  2.1
Stealth        | |  1.5

Action                   |  1- 3 |  4- 6 |  7- 9 | 10-12 || total
-------------------------+-------+-------+-------+-------++-------
Melee: Dagger            |       |       |       |    12 ||    12
 Cast: Sandblast         |    49 |    85 |   148 |   123 ||   405
       Foxfire           |     6 |    34 |    45 |    91 ||   176
       Stone Arrow       |       |     1 |     4 |       ||     5
       Call Imp          |       |       |    11 |     4 ||    15
       Searing Ray       |       |       |     1 |     2 ||     3
       Teleport Other    |       |       |     2 |     1 ||     3
       Petrify           |       |       |     1 |     9 ||    10
       Sticky Flame      |       |       |       |     3 ||     3
Invok: Curse Item        |       |       |       |     3 ||     3
  Use: Scroll            |       |     7 |    14 |     6 ||    27
       Potion            |       |     1 |     4 |     5 ||    10
 Stab: Petrified         |       |       |       |    12 ||    12
Armor: Robe              |     4 |    10 |    42 |    18 ||    74
Dodge: Dodged            |    15 |    16 |    46 |    65 ||   142
